 Dungeon Crawl Stone Soup version 0.31-a0-702-gf82c85558f (webtiles) character file.

Game seed: 16907668387595814799

25 qw the Shooter (level 3, -1/21 HPs)
             Began as a Gargoyle Hunter on Sept 7, 2023.
             Slain by Terence
             ... wielding a +0 short sword
              (5 damage)
             ... on level 2 of the Dungeon.
             The game lasted 00:00:12 (890 turns).

qw the Shooter (Gargoyle Hunter)                     Turns: 890, Time: 00:00:12

Health: -1/21      AC:  6    Str: 14    XL:     3   Next: 6%
Magic:  3/3        EV: 11    Int:  9    God:
Gold:   34         SH:  0    Dex: 15    Spells: 2/2 levels left

rFire   . . .        Y - +0 shortbow
rCold   . . .        (shield currently unavailable)
rNeg    + . .        c - +0 leather armour
rPois   inf          (no helmet)
rElec   +            (no cloak)
rCorr   .            (no gloves)
SInv    .            (no boots)
Will    .....        (no amulet)
Stlth   ++           (no ring)
HPRegen 0.23/turn    (no ring)
MPRegen 0.08/turn

%: no passive effects
@: no status effects
A: sickness immunity, AC +3, negative energy resistance 1, electricity
resistance, torment resistance 1, petrification resistance
a: no special abilities


You were on level 2 of the Dungeon.
You visited 1 branch of the dungeon, and saw 2 of its levels.

You collected 34 gold pieces.


Innate Abilities, Weirdness & Mutations

You are immune to sickness and miasma.
Your stone body is resilient. (AC +3)
You are immune to poison.
You resist negative energy. (rN+)
You are resistant to electric shocks. (rElec)
You are resistant to unholy torment.
You are immune to petrification.


   Skills:
 - Level 2.1 Fighting
 + Level 4.9 Ranged Weapons
 - Level 1.5 Dodging
 - Level 1.1 Stealth


You had 2 spell levels left.
You didn't know any spells.
Your spell library was empty.

Inventory:

Hand Weapons
 Y - a +0 shortbow (weapon)
Armour
 c - a +0 leather armour (worn)
Potions
 d - a potion of curing {unknown}
 f - a potion of brilliance {unknown}
 g - a potion of degeneration {unknown}

Dungeon Overview and Level Annotations

Branches:
Dungeon (2/15)

Altars:

Annotations:
D:2 Terence


Message History

The arrow hits Terence but does no damage.
The adder bites you but does no damage.
You shoot an arrow.
The arrow hits the adder but does no damage.
The adder is moderately wounded.
The adder bites you but does no damage. x2
You shoot an arrow. The arrow hits the adder.
The adder is almost dead.
The adder barely misses you.
You shoot an arrow. The arrow barely misses the adder.
The arrow hits Terence.
Terence is lightly wounded.
The adder closely misses you. The adder bites you.
You shoot an arrow. The arrow closely misses the adder.
The arrow hits Terence but does no damage.
Terence is lightly wounded.
The adder bites you but does no damage. The adder closely misses you.
You shoot an arrow. The arrow closely misses the adder.
The arrow barely misses Terence.
The adder bites you.
You shoot an arrow. The arrow hits the adder!
You kill the adder!
You have reached level 3!
Your experience leads to an increase in your attributes!
Increase (S)trength, (I)ntelligence, or (D)exterity?
You feel agile. x2
You shoot an arrow. The arrow barely misses Terence.
Terence hits you with a +0 short sword.
You shoot an arrow. The arrow hits Terence.
Terence is moderately wounded.
Terence hits you with a +0 short sword.
You shoot an arrow. The arrow hits Terence.
Terence is severely wounded.
Terence barely misses you. Terence closely misses you.
You shoot an arrow. The arrow barely misses Terence.
Terence misses you.
You shoot an arrow. The arrow barely misses Terence.
Terence hits you with a +0 short sword.
You shoot an arrow. The arrow barely misses Terence.
Terence hits you with a +0 short sword.
You die...

#.# #.# #.# ##
#.## #. ..% ##.#
#.# ###.
####...##.##.....
+........@@......
##......##.##..
##.#.###
#.#.####.#
#........# #+#
###.####.# #.#
#.# #.#### #.#
##....# #.#


You could see Terence.

Vanquished Creatures
  An adder (D:2)
  A dart slug (D:1)
  3 endoplasms (D:1)
  2 goblins (D:1)
  2 hobgoblins (D:2)
  2 ball pythons (D:1)
  A bat (D:1)
  A kobold (D:1)
  A rat (D:1)
14 creatures vanquished.

Notes
Turn   | Place    | Note
-------+----------+-------------------------------------------
     0 | D:1      | qw the Gargoyle Hunter began the quest for the Orb.
     0 | D:1      | Reached XP level 1. HP: 12/12 MP: 1/1
     0 | D:1      | 0 ||| qw: Version: 0.3-a-76-g4403597
     0 | D:1      | 0 ||| qw: Game counter: 794
     0 | D:1      | 0 ||| qw: Melee chars always use a shield: true
     0 | D:1      | 0 ||| qw: God list: Okawaru
     0 | D:1      | 0 ||| qw: Allow faded altars: false
     0 | D:1      | 0 ||| qw: Do Orc after clearing Dungeon:15 true
     0 | D:1      | 0 ||| qw: Do second Lair branch before Depths: true
     0 | D:1      | 0 ||| qw: Lair rune preference: random
     0 | D:1      | 0 ||| qw: Goals: Normal
     0 | D:1      | 0 ||| PLANNING D:1-11
   249 | D:1      | Reached XP level 2. HP: 17/17 MP: 2/2
   780 | D:1      | 780 ||| READING scroll labelled JONUES ODYTZ.
   781 | D:1      | 781 ||| READING scroll labelled TEOTOS AXOMURR.
   782 | D:1      | 782 ||| DROPPING scroll of butterflies.
   875 | D:2      | Noticed Terence
   885 | D:2      | Reached XP level 3. HP: 14/21 MP: 3/3
   889 | D:2      | HP: 3/21 [Terence/+0 short sword (4)]
   890 | D:2      | Slain by Terence

Levels and vault maps discovered:
D:1:      dpeg_arrival_erosion, layout_loops_corners
D:2:      layout_loops_corners, serial_shops, nicolae_shop_back_alley_shop,
          minmay_cut_off, uniq_terence, uniq_sigmund

Action                     || total
---------------------------++-------
   Fire: Shortbow          ||    47
    Use: Scroll            ||     2
 Armour: Leather armour    ||    15
  Dodge: Dodged            ||    10

Table legend:
 A = Non-vault XP
 B = Vault XP
 C = Vault XP percentage of total XP
 D = Non-vault monster count
 E = Vault monster count
 F = Vault count percentage of total count
                 A         B        C        D         E       F
            +---------+---------+-------+---------+---------+-------
      Total |      35 |       2 |   5.4 |      13 |       1 |   7.1
            +---------+---------+-------+---------+---------+-------
        D:1 |      20 |       0 |   0.0 |      11 |       0 |   0.0
        D:2 |      15 |       2 |  11.8 |       2 |       1 |  33.3
            +---------+---------+-------+---------+---------+-------
